 Dungeon Crawl Stone Soup version 0.31-a0-523-g071a6c1ffa (webtiles) character file.

Game seed: 5218173747655590213

108 javelincjr the Trooper (level 4, -11/37 HPs)
             Began as a Demonspawn Monk on Aug 11, 2023.
             Was a Believer of Fedhas.
             Killed by divine providence
             ... invoked by an orc priest
              (17 damage)
             ... on level 3 of the Dungeon.
             The game lasted 00:04:35 (1749 turns).

javelincjr the Trooper (Demonspawn Monk)            Turns: 1749, Time: 00:04:36

Health: -11/37     AC:  5    Str: 13    XL:     4   Next: 58%
Magic:  1/4        EV: 11    Int: 11    God:    Fedhas [**....]
Gold:   192        SH:  0    Dex: 16    Spells: 3/3 levels left

rFire   . . .        e - +0 trident
rCold   . . .        d - orb {light}
rNeg    . . .        f - +0 ring mail
rPois   .            (helmet restricted)
rElec   .            (no cloak)
rCorr   .            (no gloves)
SInv    .            (no boots)
Will    .....        (no amulet)
Stlth   +            (no ring)
HPRegen 0.26/turn    (no ring)
MPRegen 0.09/turn

%: no passive effects
@: glowing
A: antennae 1, foul stench 1
a: Renounce Religion, Wall of Briars


You were on level 3 of the Dungeon.
You worshipped Fedhas.
Fedhas was pleased with you.
You visited 1 branch of the dungeon, and saw 3 of its levels.

You collected 192 gold pieces.

Inventory:

Hand Weapons
 e - a +0 trident (weapon)
Missiles
 o - 2 poisoned darts
Armour
 b - a +0 robe
 d - an orb of light (worn)
 f - a +0 ring mail (worn)
 g - a +1 helmet
Scrolls
 h - 4 scrolls of identify {unknown}
 i - a scroll of fear {unknown}
 j - 2 scrolls of torment {unknown}
 k - a scroll of amnesia {unknown}
 l - a scroll of enchant weapon {unknown}
 p - a scroll of revelation {unknown}
Potions
 a - 3 potions of curing {unknown}
 c - a potion of ambrosia
 m - a potion of lignification {unknown}
 n - a potion of attraction {unknown}


   Skills:
 + Level 3.7 Fighting
 + Level 3.3 Polearms
 + Level 1.6 Armour
 + Level 3.4 Dodging


You had 3 spell levels left.
You didn't know any spells.
Your spell library was empty.

Dungeon Overview and Level Annotations

Branches:
Dungeon (3/15)

Altars:
Fedhas


Innate Abilities, Weirdness & Mutations

You have a pair of small antennae on your head.
You may rarely emit foul miasma when damaged in melee.


Message History

The quokka is heavily wounded.
The quokka misses you.
An orc comes into view. It is wielding a +0 dagger.
The quokka bites you but does no damage.
You barely miss the quokka.
The quokka is heavily wounded.
The orc shouts!
You hear a shout!
The quokka barely misses you.
You hit the quokka.
You kill the quokka!
Fedhas appreciates your contribution to the ecosystem.
An orc priest comes into view. It is wielding a +0 hand axe.
You puncture the orc!
You kill the orc!
Fedhas appreciates your contribution to the ecosystem.
You can now grow a ballistomycete.
An orc priest comes into view. It is wielding a +0 hand axe.
Things that are here:
a +0 dagger; 11 gold pieces An orc comes into view.
It is wielding a +0 morningstar.
The orc shouts!
The orc priest shouts!
The orc moves out of view.
You puncture the orc priest!
The orc priest is heavily wounded.
The orc priest misses you.
The orc priest calls down the wrath of Beogh upon you.
Pain shoots through your body!
The orc priest calls down the wrath of Beogh upon you.
Beogh smites you!
* * * LOW HITPOINT WARNING * * *
A briar patch grows up from the ground. x4
You can no longer grow a ballistomycete.
The orc priest hits you with a +0 hand axe.
* * * LOW HITPOINT WARNING * * *
The orc priest hits your briar patch but does no damage.
The orc priest hits your briar patch with a +0 hand axe.
The orc priest calls down the wrath of Beogh upon you.
Beogh smites you!
You die...
Fedhas appreciates your contribution to the ecosystem.

### # ####...# ..
#......########
#.######.##...........
#.o.PPP...#...# ##....
#.oo@P.....#.####.###
#.#####..#.#.....†#
#....#......###
#.####.##......
#....#.......##
#.##.#.......#
#.##.#.#.##..#
#.##...#.##..#
#.###.##.# ..##


You could see 2 orc priests and an orc.

Vanquished Creatures
  6 adders
  2 dart slugs
  2 orcs (D:3)
  6 endoplasms
  A goblin (D:2)
  6 hobgoblins
  4 jackals (D:1)
  2 quokkas
  4 ball pythons
  5 bats
  3 frilled lizards
  3 kobolds
  4 rats
48 creatures vanquished.

Notes
Turn   | Place    | Note
-------+----------+-------------------------------------------
     0 | D:1      | javelincjr the Demonspawn Monk began the quest for the Orb.
     0 | D:1      | Reached XP level 1. HP: 18/18 MP: 1/1
   206 | D:1      | Gained mutation: You may rarely emit foul miasma when
                  | damaged in melee. [demonic ancestry]
   206 | D:1      | Reached XP level 2. HP: 24/24 MP: 2/2
   884 | D:2      | Reached XP level 3. HP: 24/29 MP: 3/3
   895 | D:2      | Reached skill level 1 in Armour
  1022 | D:2      | Gained mutation: You have a pair of small antennae on your
                  | head. [demonic ancestry]
  1022 | D:2      | Reached XP level 4. HP: 32/35 MP: 4/4
  1063 | D:2      | Found a faded altar of an unknown god.
  1392 | D:2      | Prayed at the altar of an unknown god.
  1392 | D:2      | Became a worshipper of Fedhas Madash
  1392 | D:2      | Reached * piety under Fedhas
  1392 | D:2      | Reached ** piety under Fedhas
  1745 | D:3      | Reached *** piety under Fedhas
  1749 | D:3      | Killed from afar by an orc priest

Illustrated notes

Levels and vault maps discovered:
D:1:      amcnicky_arrival_abandoned_market, layout_loops_ring
D:2:      layout_basic, ebering_ecumenical_altar_webs, serial_bayou_pond_e,
          kennysheep_generic_room_5
D:3:      layout_loops_ring

Skill      XL: |  1  2  3 |
---------------+----------+-----
Polearms       | 3 |  3.3
Dodging        | 3 |  3.4
Armour         | 1 |  1.6
Fighting       | |  3.7

Action                     |  1- 3 |  4- 6 || total
---------------------------+-------+-------++-------
  Melee: Trident           |    92 |    52 ||   144
         Spear             |     7 |       ||     7
 Invoke: Wall of Briars    |       |     1 ||     1
 Armour: Ring mail         |    45 |    16 ||    61
  Dodge: Dodged            |    67 |    35 ||   102

Table legend: (Time is in decaauts)
 A = Elapsed time spent in this place.
 B = Non-inter-level travel time spent in this place.
 C = Inter-level travel time spent in this place.
 D = Time resting spent in this place.
 E = Time spent auto-exploring this place.
 F = Levels seen in this place.
 G = Mean time per level.
                   A        B        C        D        E       F      G
               +--------+--------+--------+--------+--------+-----+--------+
         Total |   1769 |   1574 |    195 |      0 |   1244 |   3 |  589.7 |
       Dungeon |   1769 |   1574 |    195 |      0 |   1244 |   3 |  589.7 |
               +--------+--------+--------+--------+--------+-----+--------+

Top non-repeatable levels by time:
     D:2: 825 daAuts
     D:1: 702 daAuts
     D:3: 241 daAuts
